Map: Romanticide LE

Players

TeebuL

  • Race: Protoss Protoss

Seither - Winner!

  • Race: Terran Terran

Event: DreamHack SC2 Masters 2021 Fall

VOD

Have the link to the VOD?

Description

Time

  • Played on: July 29, 2021, 4:12 a.m.
  • Length: 10:44

All games in this series

Show
View Real Time Build Order
Export as new Build Order

TeebuL Protoss 

Build Orders: 1 Gate Expand, Phoenix Opening, Mass Phoenix 

Get SALT Encoding   

  12  0:00  Probe  
  13  0:12  Probe  
  14  0:17  Pylon  
  14  0:24  Probe (Chrono Boost)  
  15  0:37  Gateway, Probe (Chrono Boost)  
  16  0:44  Probe (Chrono Boost)  
  16  0:48  Assimilator  
  17  0:51  Probe  
  18  1:03  Probe  
  19  1:15  Probe  
  20  1:23  Nexus  
  20  1:34  Cybernetics Core  
  20  1:37  Probe  
  21  1:42  Assimilator  
  21  1:50  Probe  
  22  1:54  Pylon  
  22  2:02  Probe  
  23  2:10  Adept (Chrono Boost), Probe  
  26  2:18  Probe  
  26  2:20  Stargate  
  27  2:29  Probe  
  27  2:32  Adept  
  31  2:37  Probe  
  31  2:40  Warp Gate  
  31  2:43  Probe  
  32  2:49  Probe  
  33  2:56  Probe  
  34  3:01  Probe  
  34  3:02  Pylon, Adept  
  37  3:06  Phoenix (Chrono Boost)  
  37  3:12  Probe  
  39  3:14  Probe  
  40  3:22  Phoenix (Chrono Boost)  
  40  3:24  Probe  
  40  3:26  Probe  
  44  3:32  Pylon  
  44  3:36  Probe  
  44  3:40  Shield Battery, Probe  
  46  3:44  Phoenix (Chrono Boost)  
  46  3:46  Adept  
  46  3:48  Probe  
  51  3:54  Probe  
  52  4:02  Probe  
  53  4:03  Gateway  
  53  4:07  Phoenix (Chrono Boost)  
  55  4:12  Probe  
  56  4:22  Probe  
  56  4:24  Nexus, Phoenix (Chrono Boost)  
  57  4:28  Pylon  
  59  4:31  Probe  
  59  4:35  Probe  
  57  4:47  Probe  
  55  4:55  Phoenix  
  55  4:59  Probe (Chrono Boost)  
  58  5:00  Probe (Chrono Boost)  
  59  5:11  Probe (Chrono Boost)  
  59  5:12  Probe (Chrono Boost)  
  59  5:13  Twilight Council  
  61  5:14  Forge  
  61  5:15  Gateway  
  61  5:17  Gateway  
  61  5:18  Assimilator  
  61  5:19  Assimilator, Probe (Chrono Boost)  
  61  5:20  Probe (Chrono Boost)  
  63  5:25  Probe  
  63  5:27  Probe (Chrono Boost)  
  65  5:29  Phoenix  
  67  5:37  Probe (Chrono Boost)  
  67  5:39  Probe (Chrono Boost)  
  70  5:43  Probe (Chrono Boost)  
  70  5:45  Protoss Ground Weapons Level 1 (Chrono Boost)  
  70  5:46  Charge (Chrono Boost)  
  70  5:47  Probe x2 (Chrono Boost)  
  70  5:51  Probe (Chrono Boost)  
  70  5:52  Probe (Chrono Boost)  
  70  5:53  Probe  
  73  5:58  Phoenix  
  73  6:00  Adept  
  77  6:05  Adept  
  77  6:07  Shield Battery  
  77  6:08  Probe  
  77  6:09  Probe  
  77  6:10  Probe  
  77  6:11  Shield Battery  
  82  6:14  Pylon  
  82  6:17  Gateway  
  82  6:18  Gateway  
  82  6:21  Probe x2  
  84  6:27  Pylon x2  
  84  6:32  Phoenix  
  86  6:34  Pylon  
  86  6:36  Pylon, Templar Archives  
  86  6:38  Probe x3  
  89  6:42  Zealot x2  
  93  6:50  Probe  
  93  6:51  Forge  
  94  6:55  Robotics Facility  
  94  6:56  Assimilator, Zealot  
  94  6:57  Assimilator, Zealot  
  98  7:05  Sentry x2  
  102  7:11  Psionic Storm  
  102  7:12  Gateway  
  102  7:14  Gateway  
  102  7:15  Pylon  
  102  7:16  Pylon  
  102  7:17  Zealot x2  
  102  7:20  Pylon  
  106  7:28  Protoss Ground Armor Level 1 (Chrono Boost)  
  106  7:39  Protoss Ground Weapons Level 2 (Chrono Boost), High Templar  
  106  7:40  Zealot x5, Warp Prism (Chrono Boost)  
  120  7:58  Gateway  
  120  7:59  Gateway  
  120  8:01  Pylon  
  120  8:02  High Templar, Zealot x3  
  120  8:05  Pylon  
  128  8:10  Immortal  
  132  8:28  High Templar  
  132  8:29  Zealot x6  
  146  8:36  Robotics Facility  
  146  8:38  Robotics Bay  
  146  8:40  Zealot  
  146  8:49  Immortal  
  146  8:54  Pylon  
  132  8:59  Nexus  
  132  9:01  Pylon  
  132  9:07  Zealot  
  134  9:24  Zealot x9  
  138  9:25  Zealot x3  
  138  9:26  Zealot x6  
  138  9:29  Colossus (Chrono Boost)  
  162  9:39  Colossus (Chrono Boost)  
  144  9:45  Zealot  
  144  9:46  Zealot x4  
  152  9:53  High Templar x2  
  152  9:54  High Templar  
  152  9:56  High Templar  
  158  10:01  Archon  
  158  10:02  Archon  
  154  10:17  Zealot x6  
Show
View Real Time Build Order
Export as new Build Order

Seither Terran - Winner!

Build Orders:  

Get SALT Encoding   

  12  0:00  SCV  
  13  0:12  SCV  
  14  0:18  Supply Depot  
  14  0:24  SCV  
  15  0:28  Refinery  
  15  0:39  SCV  
  16  0:44  Barracks  
  16  0:51  SCV  
  17  1:04  SCV  
  18  1:16  SCV  
  19  1:31  Orbital Command  
  19  1:32  Marine, Factory  
  20  1:40  Supply Depot  
  20  1:51  Barracks Reactor  
  20  2:00  SCV  
  21  2:12  SCV  
  22  2:15  Command Center  
  22  2:21  Supply Depot  
  22  2:26  SCV  
  23  2:33  Hellion x2  
  27  2:39  SCV  
  27  2:43  Starport  
  28  2:46  Marine  
  29  2:51  Refinery  
  29  2:53  SCV  
  29  2:58  Hellion  
  32  3:02  Widow Mine  
  34  3:08  Marine  
  34  3:10  SCV  
  36  3:23  SCV  
  36  3:24  Widow Mine  
  39  3:27  Widow Mine  
  39  3:30  Orbital Command  
  39  3:31  Barracks Tech Lab  
  41  3:36  Medivac  
  41  3:39  SCV  
  44  3:43  Refinery  
  44  3:50  Supply Depot  
  44  3:55  SCV  
  45  3:56  SCV  
  45  3:59  Marine x2  
  51  4:11  SCV x2  
  51  4:16  Cyclone  
  53  4:19  Supply Depot  
  53  4:22  Viking  
  53  4:25  Marine x2  
  53  4:29  SCV x2  
  57  4:32  Supply Depot  
  57  4:41  SCV x2  
  57  4:43  Marine x2  
  57  4:54  SCV x2  
  57  5:00  Siege Tank  
  57  5:01  Marine x2  
  57  5:03  Command Center  
  57  5:06  SCV x2  
  56  5:14  Viking  
  56  5:18  SCV x2  
  56  5:20  Marine x2  
  62  5:30  SCV x2  
  64  5:38  Barracks  
  64  5:39  Barracks, Siege Tank  
  64  5:42  SCV x2  
  69  5:49  Marine x2, Starport Tech Lab  
  71  5:52  Supply Depot  
  71  5:54  SCV  
  71  5:55  SCV  
  73  6:00  Engineering Bay  
  73  6:02  Engineering Bay  
  73  6:06  SCV  
  73  6:07  SCV  
  73  6:08  Marine x2  
  77  6:17  Orbital Command, Starport Reactor  
  77  6:24  Factory Tech Lab  
  77  6:26  SCV x2  
  77  6:27  Terran Infantry Armor Level 1, Terran Infantry Weapons Level 1  
  77  6:28  Factory Reactor  
  77  6:31  Marine x2  
  81  6:35  Barracks  
  81  6:36  Marine, Stimpack  
  81  6:37  Barracks  
  81  6:39  SCV x2  
  84  6:40  Orbital Command  
  84  6:41  Supply Depot  
  84  6:43  Combat Shield  
  84  6:44  Marauder  
  86  6:54  Marine, Missile Turret  
  86  6:55  Marine, Medivac x2  
  86  6:57  Missile Turret  
  86  6:59  Supply Depot  
  92  7:03  Refinery  
  92  7:09  SCV x2  
  92  7:13  Marauder x2  
  92  7:14  Widow Mine x2  
  102  7:16  Supply Depot  
  102  7:18  Marine x2  
  104  7:27  Barracks Reactor, Barracks Tech Lab  
  104  7:29  SCV  
  105  7:30  SCV  
  105  7:37  Marine x2, Marauder x2  
  105  7:38  Widow Mine x2, Medivac x2  
  105  7:40  Supply Depot  
  105  7:42  Supply Depot  
  120  7:44  SCV x3  
  124  7:51  Concussive Shells, Armory, Marauder  
  124  7:56  SCV  
  125  8:01  Marine x2, Supply Depot  
  125  8:02  SCV x2  
  125  8:04  Widow Mine x2  
  133  8:09  Supply Depot  
  133  8:11  Medivac x2  
  133  8:12  Ghost Academy  
  137  8:16  SCV x3  
  139  8:29  Widow Mine x2, Marauder x2  
  139  8:30  Marine x2, Marauder  
  151  8:34  Refinery  
  151  8:35  Refinery  
  151  8:42  Supply Depot  
  151  8:44  Supply Depot  
  150  8:51  Ghost x3  
  150  8:52  Marine x3  
  150  8:55  Missile Turret  
  157  8:58  SCV x3  
  157  9:02  Marine  
  161  9:10  Widow Mine x2  
  161  9:12  Supply Depot x2  
  161  9:13  Liberator  
  161  9:14  Liberator  
  171  9:20  Marine  
  171  9:21  Marine  
  173  9:30  Marine  
  173  9:31  Marauder x3  
  167  9:49  Command Center  
  167  9:55  Marine x3, Marauder  
  167  9:56  Marauder x2, Liberator  
  167  9:57  Liberator  
  167  9:58  Supply Depot  
  182  10:03  SCV x2, Widow Mine x2  
  182  10:04  SCV  
  186  10:21  Marine x2, Marauder x2  

Tags
 
Add a new tag
Caveats
  • Supply blocks, unpowered buildings, or Contaminate may cause inaccurate times.
  • Supply counts are checked every 10 seconds.